 Dungeon Crawl Stone Soup version 0.21-a0-404-g291f19a (webtiles) character file.

676 Slyspawn the Caller (level 7, -1/32 HPs)
             Began as a Vine Stalker Summoner on Oct 29, 2017.
             Was an Initiate of Sif Muna.
             Slain by Prince Ribbit (16 damage)
             ... on level 5 of the Dungeon.
             The game lasted 00:38:58 (6055 turns).

Slyspawn the Caller (Vine Stalker Summoner)         Turns: 6055, Time: 00:38:59

Health: -1/32      AC:  4    Str: 11    XL:     7   Next: 60%
Magic:  0/15       EV: 12    Int: 17    God:    Sif Muna [......]
Gold:   341        SH:  0    Dex: 14    Spells: 11/16 levels left

rFire    . . .     SeeInvis .   d - +1 mace (venom)
rCold    . . .     Gourm    .   (no shield)
rNeg     . . .     Faith    .   a - +1 robe
rPois    .         Spirit   +   (helmet restricted)
rElec    .         Reflect  .   m - +0 cloak
rCorr    .         Harm     .   (no gloves)
MR       .....                  (no boots)
Stlth    ++........             (no amulet)
HPRegen  0.90/turn              (no ring)
MPRegen  0.14/turn              (no ring)

@: no status effects
A: antennae 1, fangs 2, regeneration 2, magic shield, antimagic bite, no potion
heal 3, rot immunity
a: Renounce Religion


You were on level 5 of the Dungeon.
You worshipped Sif Muna.
Sif Muna was noncommittal.
You were not hungry.

You visited 2 branches of the dungeon, and saw 6 of its levels.

You collected 341 gold pieces.

Inventory:

Hand Weapons
 d - a +1 mace of venom (weapon)
 f - a +1 flail of protection
Armour
 a - a +1 robe (worn)
 m - a +0 cloak (worn)
Jewellery
 q - an uncursed ring of resist corrosion {unknown}
 s - an uncursed ring of fire {unknown}
Wands
 o - a wand of disintegration (12/24)
 y - a wand of confusion (29/48)
Scrolls
 h - 5 scrolls of identify
 j - 3 scrolls of remove curse
 k - a scroll of fog {unknown}
 p - a scroll of enchant armour
 t - a scroll of enchant weapon
 u - a scroll of blinking {unknown}
 v - a scroll of fear
Potions
 e - a potion of mutation
 i - 2 potions of curing
 l - a potion of haste
 r - a potion of ambrosia
 w - a potion of might {unknown}
Books
 b - a book of Callings

   Spells                             Type                      Level
   a - Summon Small Mammal            Summoning                    1
   b - Call Imp                       Summoning                    2
   c - Call Canine Familiar           Summoning                    3
   d - Summon Guardian Golem          Hexes/Summoning              3
   e - Summon Lightning Spire         Summoning/Air                4
   f - Summon Ice Beast               Ice/Summoning                4
 x - a book of Necromancy

   Spells                             Type                      Level
   a - Pain                           Necromancy                   1
   b - Animate Skeleton               Necromancy                   1
   c - Vampiric Draining              Necromancy                   3
   d - Regeneration                   Charms/Necromancy            3
   e - Animate Dead                   Necromancy                   4
   f - Control Undead                 Necromancy                   4
Comestibles
 c - 5 bread rations
 g - 5 royal jellies
 n - 3 meat rations
 z - a fruit
 A - 2 chunks of flesh


   Skills:
 + Level 0.9 Fighting
 * Level 3.4 Maces & Flails
 + Level 1.7 Dodging
 + Level 3.2 Stealth
 - Level 0.1 Unarmed Combat
 + Level 5.0 Spellcasting
 + Level 6.1 Summonings


You had 11 spell levels left.
You knew the following spells:

 Your Spells              Type           Power        Failure   Level  Hunger
b - Call Imp              Summ           ####....     1%          2    #......
c - Call Canine Familiar  Summ           ####....     3%          3    ###....


Dungeon Overview and Level Annotations

Branches:
Dungeon (5/15)             Temple (1/1) D:4

Altars:
Ashenzari
Cheibriados
Fedhas
Gozag
Kikubaaqudgha
Sif Muna
Yredelemnul
The Shining One

Annotations:
D:5 Prince Ribbit


Innate Abilities, Weirdness & Mutations

You have extremely sharp teeth.
You heal very quickly.
When hurt, damage is shared between your health and your magic reserves.
Your bite disrupts and absorbs the magic of your enemies.
Potions cannot restore your health.
You are immune to rotting.
You have a pair of small antennae on your head.


Message History

Your crimson imp dies!
Casting: Call Imp
Confirm with . or Enter, or press ? or * to list all spells.
A beastly little devil appears in a puff of flame.
You swap places.
Prince Ribbit croaks regally.
Prince Ribbit closely misses your crimson imp.
Your crimson imp hits Prince Ribbit. x2
Casting: Call Imp
Confirm with . or Enter, or press ? or * to list all spells.
You don't have enough magic to cast that spell.
That item cannot be evoked!
Evoke which item? (* to show all) (? for menu, Esc to quit)
Aiming: Disintegrate (will waste charges)
Press: ? - help, Shift-Dir - straight line, f - Prince Ribbit
Aim: Prince Ribbit (lightly wounded, chance to defeat MR: 48%)
Okay, then.
You swap places.
Prince Ribbit hits you! x2
Ouch! That really hurt!
You die...

#.# #.# ## #.#
.. #.# #. #.#
#. #.# #. #รท#
#.###########.#
#..5F@5.......#
###############


You could see Prince Ribbit and 2 friendly crimson imps.

Vanquished Creatures
  A phantom (D:5)
  A crimson imp (D:5)
  An orc priest (D:3)
  Natasha (D:3)
  An adder (D:3)
  2 gnolls (D:3)
  A dart slug (D:1)
  9 orcs
  A bat (D:3)
  A bat zombie (D:4)
  A giant cockroach (D:1)
  3 hobgoblins
  5 quokkas
  A frilled lizard (D:3)
  A jackal zombie (D:4)
  3 kobolds
  2 rats (D:1)
  A plant (D:3)
36 creatures vanquished.

Vanquished Creatures (collateral kills)
  A water moccasin (D:5)
  A phantom (D:5)
  A water moccasin zombie (D:5)
  A howler monkey (D:4)
  A bullfrog zombie (D:5)
  An orc priest (D:3)
  An orc wizard (D:4)
  A bullfrog skeleton (D:4)
  Jessica (D:3)
  A centaur skeleton (D:4)
  Ijyb (D:4)
  An iguana (D:4)
  Natasha (twice) (D:3)
  A worker ant (D:4)
  Terence (D:2)
  Robin (D:2)
  7 adders
  4 gnolls (D:3)
  2 oozes (D:1)
  A worm (D:4)
  7 dart slugs
  A leopard gecko (D:1)
  5 orcs
  4 giant cockroaches
  8 goblins
  8 hobgoblins
  7 jackals
  5 kobolds
  5 quokkas
  A ball python (D:1)
  3 bats
  4 frilled lizards
  2 rats
  A rat zombie (D:4)
92 creatures vanquished.

Vanquished Creatures (others)
  2 plants (D:3)
2 creatures vanquished.

Grand Total: 130 creatures vanquished

Notes
Turn   | Place    | Note
-------+----------+-------------------------------------------
     0 | D:1      | Slyspawn the Vine Stalker Summoner began the quest for the Orb.
     0 | D:1      | Reached XP level 1. HP: 9/9 MP: 4/4
   298 | D:1      | Reached XP level 2. HP: 11/13 MP: 6/6
   770 | D:1      | Reached XP level 3. HP: 14/16 MP: 5/7
   777 | D:1      | Learned a level 2 spell: Call Imp
  1585 | D:2      | Noticed Terence
  1618 | D:2      | Killed Terence
  1854 | D:2      | Found an opulent altar of Gozag.
  2073 | D:2      | Noticed Robin
  2090 | D:2      | Killed Robin
  2095 | D:2      | Gained mutation: Your natural rate of healing is unusually fast. [Vine Stalker growth]
  2095 | D:2      | Reached XP level 4. HP: 21/21 MP: 4/9
  2612 | D:3      | Reached skill level 1 in Maces & Flails
  2924 | D:3      | Noticed Jessica
  2930 | D:3      | Killed Jessica
  2930 | D:3      | Reached skill level 5 in Summonings
  3002 | D:3      | Learned a level 3 spell: Call Canine Familiar
  3030 | D:3      | Reached XP level 5. HP: 25/25 MP: 10/10
  3101 | D:3      | Found a snail-covered altar of Cheibriados.
  3222 | D:3      | HP: 1/25 [poisoned by a gnoll]
  3227 | D:3      | HP: 1/25 [poisoned by a gnoll]
  3232 | D:3      | HP: 1/25 [poisoned by a gnoll]
  3330 | D:3      | Noticed Natasha
  3342 | D:3      | Killed Natasha
  3510 | D:3      | Reached XP level 6. HP: 27/29 MP: 10/12
  3622 | D:3      | Noticed Natasha
  3644 | D:3      | Killed Natasha
  3948 | D:3      | Noticed Natasha
  3964 | D:3      | Killed Natasha
  3967 | D:3      | Gained mutation: You have a pair of small antennae on your head. [potion of mutation]
  3967 | D:3      | Gained mutation: You heal very quickly. [potion of mutation]
  4127 | D:4      | Noticed Ijyb
  4133 | D:4      | Killed Ijyb
  4363 | D:4      | Found an ancient bone altar of Kikubaaqudgha.
  4750 | D:4      | Found a staircase to the Ecumenical Temple.
  4770 | Temple   | Entered the Ecumenical Temple
  4795 | Temple   | Became a worshipper of Sif Muna the Loreminder
  5245 | D:5      | Entered Level 5 of the Dungeon
  5247 | D:5      | Noticed a phantom
  5376 | D:5      | Killed a phantom
  5376 | D:5      | Reached XP level 7. HP: 32/32 MP: 9/15
  5500 | D:5      | Found a blossoming altar of Fedhas.
  5723 | D:5      | Reached skill level 5 in Spellcasting
  5723 | D:5      | Reached skill level 6 in Summonings
  6041 | D:5      | Noticed Prince Ribbit
  6055 | D:5      | Slain by Prince Ribbit

Vault maps used:
D:1:      roderic_crop_circles_arrival_small
D:2:      minmay_hedge_maze, nicolae_gozag_cash_rules_everything_around_me,
          uniq_terence, uniq_robin
D:3:      wad_woods_settlement, kennysheep_slug_shrine, uniq_natasha,
          uniq_jessica
D:4:      lemuel_zombie_altar_kikubaaqudgha, minmay_temple_entry_mist,
          first_bread, uniq_ijyb
D:5:      fedhas_altar_2, uniq_prince_ribbit1
Temple:   regret_index_temple_sphere_string

Skill      XL: |  1  2  3  4  5  6  7 |
---------------+----------------------+-----
Spellcasting   | 3 4 5 |  5.0
Maces & Flails | 1 2 3 |  3.4
Summonings     | 5 6 |  6.1
Stealth        | 3 |  3.2
Fighting       | |  0.9
Dodging        | |  1.7
Unarmed Combat | |  0.1

Action                   |  1- 3 |  4- 6 |  7- 9 || total
-------------------------+-------+-------+-------++-------
Melee: Unarmed           |    48 |       |       ||    48
       Bite              |    13 |    29 |     5 ||    47
       Mace              |     1 |   117 |    22 ||   140
 Cast: Summon Small Mamm |    12 |       |       ||    12
       Call Imp          |    19 |    38 |    12 ||    69
       Call Canine Famil |       |    26 |     6 ||    32
  Use: Scroll            |     6 |     6 |       ||    12
       Potion            |       |     7 |       ||     7
 Stab: Sleeping          |       |     1 |       ||     1
       Distracted        |       |     2 |     1 ||     3
  Eat: Chunk             |     2 |    11 |     4 ||    17
       Bread ration      |     1 |       |       ||     1
Armor: Robe              |    10 |    26 |     8 ||    44
Dodge: Dodged            |    37 |    92 |    11 ||   140

Table legend:
 A = Spawn XP
 B = Non-spawn XP
 C = Spawn XP percentage of total XP
 D = Spawn monster count
 E = Non-spawn monster count
 F = Spawn count percentage of total count
 G = Total turns spent on level
                    A         B        C        D         E        F      G
               +---------+---------+-------+---------+---------+-------+---------
         Total |       0 |     967 |   0.0 |       0 |     127 |   0.0 |  6055
               +---------+---------+-------+---------+---------+-------+---------
           D:1 |       0 |      47 |   0.0 |       0 |      27 |   0.0 |  1521
           D:2 |       0 |      49 |   0.0 |       0 |      19 |   0.0 |  1070
           D:3 |       0 |     281 |   0.0 |       0 |      40 |   0.0 |  1509
           D:4 |       0 |     221 |   0.0 |       0 |      29 |   0.0 |  1178
           D:5 |       0 |     369 |   0.0 |       0 |      12 |   0.0 |   738
               +---------+---------+-------+---------+---------+-------+---------
